AoeStats
← O grande

Arabia

505631758Analyzed
1v1 RM · 22d ago on Sep 10, 2026· 37m 37s· 2 players
Game mode
Random Map
Map size
Tiny (2 player)
Population
200
Speed
Normal
Resources
Standard
Victory
Conquest
Starting age
Dark Age
Ending age
Imperial Age
RankedLock teamsTeams togetherTeam positionsShared explorationLock speedFull tech treeHidden civsTurbo modeCheats
Victory
Defeat
🇧🇷 Chinese · Brazil
2065
+10
🇩🇰 Mongols · Denmark
1930
-10
elbanovic
9:49 Loom
11:50 Feudal Age
13:06 Double-Bit Axe
19:13 Castle Age
17:23 Horse Collar
18:10 Padded Archer Armor
18:03 Fletching
18:49 Padded Archer Armor
20:08 Bodkin Arrow
22:11 Leather Archer Armor
22:41 Husbandry
24:40 Bloodlines
24:27 Town Watch
26:05 Scale Barding Armor
26:30 Gold Mining
29:47 Ballistics
32:34 Heavy Plow
36:14 Wheelbarrow
39:21 Imperial Age
37:07 Bow Saw
36:33 Elite Skirmisher
O grande
0:26 Loom
9:15 Feudal Age
10:17 Double-Bit Axe
15:25 Fletching
15:56 Horse Collar
21:46 Castle Age
20:28 Padded Archer Armor
22:41 Bow Saw
22:32 Heavy Plow
23:08 Wheelbarrow
22:44 Bodkin Arrow
22:36 Elite Skirmisher
24:29 Leather Archer Armor
27:19 Ballistics
28:20 Hand Cart
27:51 Town Watch
28:26 Stone Mining
28:36 Gold Mining
33:53 Imperial Age
32:58 Thumb Ring
34:40 Bracer
35:22 Conscription
37:00 Chemistry
37:53 Ring Archer Armor
Connection lost

Rejoining the realm…

Still unreachable

The connection could not be restored.

Session expired

The server has moved on; the page needs a fresh start.